AoeStats
← ZenSma

Glade

503362560Analyzed
1v1 RM · 1mo ago on Aug 31, 2026· 35m 47s· 2 players
Game mode
Random Map
Map size
Tiny (2 player)
Population
200
Speed
Normal
Resources
Standard
Victory
Conquest
Starting age
Dark Age
Ending age
Imperial Age
RankedLock teamsTeams togetherTeam positionsShared explorationLock speedFull tech treeHidden civsTurbo modeCheats
Victory
Defeat
🇻🇳 Franks · Vietnam
1039
+15
🇦🇺 Lithuanians · Australia
1028
-15
Argonaut
9:30 Feudal Age
11:04 Loom
14:04 Fletching
26:58 Castle Age
25:53 Bloodlines
26:07 Scale Barding Armor
26:31 Double-Bit Axe
26:29 Horse Collar
28:05 Bow Saw
29:10 Chain Barding Armor
33:14 Forging
ZenSma
9:36 Feudal Age
8:44 Loom
16:47 Town Watch
28:51 Castle Age
27:37 Double-Bit Axe
27:47 Gold Mining
29:43 Husbandry
29:55 Scale Barding Armor
30:58 Forging
33:43 Iron Casting
34:45 Gold Shaft Mining
35:29 Chain Barding Armor
Connection lost

Rejoining the realm…

Still unreachable

The connection could not be restored.

Session expired

The server has moved on; the page needs a fresh start.